 Dungeon Crawl Stone Soup version 0.29.1-15-g9cfb28693d (webtiles) character file.

Game seed: 16802815962213567339

3991 bnorton916 the Destroyer (level 10, -9/50 HPs)
             Began as a Deep Elf Fire Elementalist on Feb 26, 2023.
             Was an Initiate of Gozag.
             Mangled by a yak (12 damage)
             ... on level 7 of the Dungeon on Feb 27, 2023.
             The game lasted 00:15:28 (15981 turns).

bnorton916 the Destroyer (DEFE)                    Turns: 15981, Time: 00:15:29

Health: -9/50      AC:  6    Str:  5    XL:     10   Next: 3%
Magic:  16/21      EV: 12    Int: 31    God:    Gozag
Gold:   333        SH:  0    Dex: 15    Spells: 4/21 levels left

rFire   . . .      SeeInvis .   (no weapon)
rCold   . . .      Faith    .   (no shield)
rNeg    . . .      Spirit   .   a - +0 robe
rPois   .          Reflect  .   v - +0 helmet
rElec   .          Harm     .   H - +1 cloak
rCorr   .          Rampage  .   l - +0 pair of gloves
Will    ++...                   (no boots)
Stlth   ++........              (no amulet)
HPRegen 0.16/turn               c - ring of willpower
MPRegen 0.17/turn               n - +6 ring of intelligence

@: no status effects
A: no striking features
a: Renounce Religion, Potion Petition, Call Merchant, Bribe Branch


You were on level 7 of the Dungeon.
You worshipped Gozag.
Gozag was aware of your devotion.
You visited 2 branches of the dungeon, and saw 9 of its levels.

You collected 615 gold pieces.
You spent 203 gold pieces at shops.
You paid 79 gold pieces to Gozag.

Inventory:

Hand Weapons
 D - a +3 trident
 F - a +2 scimitar of electrocution
 G - the +7 dagger of the Evil Eye {vorpal, rCorr Str+2 Int-5 SInv}
   (You bought it in a shop on level 3 of the Dungeon)

   It inflicts extra damage upon your enemies.
   Str:       It affects your strength (+2).
   Int:       It affects your intelligence (-5).
   SInv:      It lets you see invisible.
   rCorr:     It protects you from acid and corrosion.
Missiles
 s - 20 poisoned darts
 y - 5 boomerangs
Armour
 a - a +0 robe (worn)
 l - a +0 pair of gloves (worn)
 v - a +0 helmet (worn)
 H - a +1 cloak (worn)
Magical Staves
 f - a staff of cold
Jewellery
 c - a ring of willpower (left hand)
 n - a +6 ring of intelligence (right hand)
 r - a ring of see invisible
Wands
 E - a wand of quicksilver (11)
 I - a wand of digging (6)
 L - a wand of paralysis (16)
Scrolls
 d - 2 scrolls of teleportation
 e - a scroll of silence
 i - 2 scrolls of fog
 j - 2 scrolls of blinking
 k - a scroll of immolation {unknown}
 m - 2 scrolls of magic mapping {unknown}
 q - a scroll of enchant weapon {unknown}
 t - a scroll of vulnerability
 w - 3 scrolls of fear
 A - a scroll of poison
 B - a scroll of brand weapon
 C - a scroll of amnesia {unknown}
 K - a scroll of noise {unknown}
Potions
 b - 3 potions of magic
 g - a potion of curing
 h - 2 potions of attraction {unknown}
 o - 3 potions of might
 p - 3 potions of mutation {unknown}
 u - 3 potions of degeneration {unknown}
 x - a potion of invisibility {unknown}
 z - 3 potions of flight {unknown}
 J - a potion of brilliance {unknown}


   Skills:
 - Level 2.4 Dodging
 - Level 2.4 Stealth
 - Level 6.3 Spellcasting
 + Level 14.1 Conjurations
 - Level 5.7 Fire Magic


You had 4 spell levels left.
You knew the following spells:

 Your Spells              Type           Power      Damage    Failure   Level
a - Foxfire               Conj/Fire      100%       2x1d9     1%          1
b - Scorch                Fire           90%        2d10      1%          2
c - Conjure Flame         Conj/Fire      64%        6-21      1%          3
d - Flame Wave            Conj/Fire      64%        2d15      1%          4
e - Orb of Destruction    Conj           39%        9d11      12%         7

Your spell library contained the following spells:

 Spells                   Type           Power      Damage    Failure   Level
 Slow                     Hex            36%        N/A       4%          1
 Inner Flame              Hex/Fire       27%        N/A       4%          3
 Confusing Touch          Hex            9%         N/A       14%         3
 Gell's Gravitas          Tloc           9%         N/A       14%         3
 Portal Projectile        Hex/Tloc       18%        N/A       14%         3
 Teleport Other           Tloc           9%         N/A       14%         3
 Tukima's Dance           Hex            9%         N/A       14%         3
 Vampiric Draining        Necr           9%         2d6       14%         3
 Iskenderun's Battlesphe  Conj           78%        2d13      1%          5
 Fireball                 Conj/Fire      32%        3d14      2%          5
 Conjure Ball Lightning   Conj/Air       26%        3x3d7     36%         6
 Blade Hands              Tmut           4%         N/A       78%         5
 Dispersal                Tloc           4%         N/A       100%        6


Dungeon Overview and Level Annotations

Branches:
Dungeon (8/15)             Temple (1/1) D:6
   Lair: D:8-11

Altars:
Ashenzari
Cheibriados
Dithmenos
Elyvilon
Fedhas
Gozag
Hepliaklqana
Kikubaaqudgha
Makhleb
Nemelex Xobeh
Okawaru
Qazlal
Ru
Trog
Uskayaw
Wu Jian
Yredelemnul
Zin
The Shining One

Shops:
D:3 (   D:6 (

Annotations:
D:6 Edmund


Message History

The yak's fire resistance burns away.
The yak closely misses you. The yak barely misses you.
The yak is engulfed in blazing flames.
The yak gores you.
The yak is no longer more vulnerable to fire.
The yak attacks as you move away! The yak gores you!
Casting: Scorch (safe; 1% risk of failure)
Confirm with . or Enter, or press ? or * to list all spells.
Flames lash the yak.
The yak is almost dead.
The yak's fire resistance burns away.
The yak gores you! The yak barely misses you.
Unknown command.
The yak is no longer more vulnerable to fire.
The yak attacks as you move away! The yak closely misses you.
The yak attacks as you move away! The yak closely misses you.
The yak gores you. The yak attacks as you move away! The yak barely misses you.
There is an open door here.
Things that are here:
a +0 trident; a +0 scale mail The yak attacks as you move away!
The yak misses you. The yak attacks as you move away! The yak gores you!
* * * LOW HITPOINT WARNING * * *
The yak attacks as you move away! The yak gores you.
* * * LOW HITPOINT WARNING * * *
The yak attacks as you move away! The yak closely misses you.
The yak attacks as you move away! The yak closely misses you.
The yak attacks as you move away! The yak gores you but does no damage.
There is a stone staircase leading up, spattered with blood here.
The yak gores you!
* * * LOW HITPOINT WARNING * * *
You climb upwards.
There is a stone staircase leading down here.
Casting: Scorch (safe; 1% risk of failure)
Confirm with . or Enter, or press ? or * to list all spells.
Flames lash the yak.
The yak is almost dead.
The yak's fire resistance burns away.
The yak gores you!
You die...
Your body crumbles into a pile of gold.

......###'#####...####..........#
##..........##.....##.......#'###
.#..........#.......#.......#...#
.#...........[.._...........#...#
............#.......#.......#..##
#######.....##.....#############
#.....###...##.# #.....#.##.##..#
#.....#..#@Y...# #.....#..#.....#
#######.....#........####
..........##########....#
..........# #....# ..........#
#....# ..........# #....#
..........# #....# ..........#
#....#


You could see a yak (combustible).

Vanquished Creatures
  A two-headed ogre (D:7)
  Pikel (D:6)
  Sigmund (D:6)
  A steam dragon (D:8)
  2 wyverns
  Menkaure (D:6)
  4 water moccasins
  An ice beast (D:7)
  2 ogres
  3 lemures
  2 phantoms (D:5)
  A kobold brigand (D:8)
  3 necrophages
  2 bullfrogs
  A scorpion (D:7)
  5 wights (D:7)
  3 howler monkeys (D:7)
  4 hounds
  2 jellies
  2 orc priests
  4 iguanas
  An orc wizard (D:5)
  5 adders
  12 gnolls
  2 white imps (D:6)
  2 worms (D:2)
  2 dart slugs
  13 orcs
  4 bats
  7 endoplasms
  6 giant cockroaches
  7 hobgoblins
  2 jackals (D:4)
  7 quokkas
  4 ball pythons
  2 frilled lizards
  8 goblins
  8 kobolds
  5 rats
143 creatures vanquished.

Vanquished Creatures (others)
  683 foxfires
  5 toadstools (D:1)
688 creatures vanquished.

Grand Total: 831 creatures vanquished

Notes
Turn   | Place    | Note
-------+----------+-------------------------------------------
     0 | D:1      | bnorton916 the Deep Elf Fire Elementalist began the quest
                  | for the Orb.
     0 | D:1      | Reached XP level 1. HP: 10/10 MP: 6/6
   333 | D:1      | Reached XP level 2. HP: 10/15 MP: 4/8
  1407 | D:1      | Reached skill level 2 in Conjurations
  1570 | D:1      | Reached XP level 3. HP: 19/19 MP: 7/10
  2104 | D:2      | Found a faded altar of an unknown god.
  2971 | D:3      | Reached XP level 4. HP: 24/24 MP: 10/12
  3062 | D:3      | Found a sacrificial altar of Ru.
  3248 | D:3      | You fall into a shaft and drop 1 floor!
  3429 | D:4      | Reached skill level 3 in Conjurations
  3434 | D:4      | Reached XP level 5. HP: 21/28 MP: 8/14
  3855 | D:4      | Learned a level 2 spell: Scorch
  3859 | D:4      | Learned a level 3 spell: Conjure Flame
  3989 | D:4      | Reached skill level 5 in Spellcasting
  4490 | D:3      | Reached skill level 5 in Fire Magic
  4660 | D:3      | Reached XP level 6. HP: 32/32 MP: 12/16
  5359 | D:3      | Found Testritav's Antique Weapon Shop.
  5483 | D:4      | Reached skill level 4 in Conjurations
  6083 | D:5      | Entered Level 5 of the Dungeon
  6391 | D:5      | Reached XP level 7. HP: 29/36 MP: 11/18
  6526 | D:5      | Learned a level 4 spell: Flame Wave
  7075 | D:5      | Reached skill level 5 in Conjurations
  7265 | D:5      | Reached skill level 6 in Conjurations
  7658 | D:5      | Learned a level 7 spell: Orb of Destruction
  7766 | D:6      | Noticed Pikel
  7958 | D:6      | Noticed Edmund
  8370 | D:6      | Reached skill level 7 in Conjurations
  8376 | D:6      | Reached XP level 8. HP: 19/41 MP: 9/19
  8757 | D:6      | Found Gynadumo's Antique Weapon Emporium.
  8762 | D:6      | Noticed Sigmund
  8768 | D:6      | Killed Sigmund
  8769 | D:6      | Reached skill level 8 in Conjurations
  8959 | D:6      | Found a staircase to the Ecumenical Temple.
  8970 | Temple   | Entered the Ecumenical Temple
  9267 | Temple   | Became a worshipper of Gozag Ym Sagoz the Greedy
  9405 | D:6      | Noticed Menkaure
  9411 | D:6      | Killed Menkaure
  9412 | D:6      | Reached skill level 9 in Conjurations
  9860 | D:6      | HP: 2/41 [Pikel/+2 whip of freezing (6)]
 10278 | D:7      | Noticed a two-headed ogre
 11001 | D:7      | Found a burning altar of Makhleb.
 11008 | D:7      | Reached skill level 10 in Conjurations
 11849 | D:6      | Killed Pikel
 11850 | D:6      | Reached skill level 11 in Conjurations
 11850 | D:6      | Reached XP level 9. HP: 12/45 MP: 14/20
 12532 | D:7      | HP: 1/45 [something (18)]
 13112 | D:7      | Reached skill level 12 in Conjurations
 13211 | D:7      | Killed a two-headed ogre
 13212 | D:7      | Reached skill level 13 in Conjurations
 14274 | D:3      | Bought a steaming dagger for 203 gold pieces
 14274 | D:3      | Identified the +7 dagger of the Evil Eye {vorpal, rCorr
                  | Str+2 Int-5 SInv} (You bought it in a shop on level 3 of
                  | the Dungeon)
 14509 | D:8      | HP: 2/45 [poisoned by a water moccasin]
 15294 | D:8      | Reached skill level 14 in Conjurations
 15918 | D:8      | Reached XP level 10. HP: 50/50 MP: 17/21
 15981 | D:7      | Mangled by a yak

Illustrated notes

Levels and vault maps discovered:
D:1:      ldierk_walled_garden, layout_loops_ring, serial_bayou_pond_e,
          minmay_cupped
D:2:      layout_loops_ring, shapermc_ecumenical_altar_venn,
          chequers_serial_rivers_large_b
D:3:      layout_basic, nicolae_ru_awakened_eye, serial_shops,
          nicolae_lakefront_shop
D:4:      layout_cave_pods
D:5:      kennysheep_six_static_rooms, layout_rooms
D:6:      layout_layer_cave, minmay_temple_entry_antechambers, serial_shops,
          nicolae_shop_temple_entry_statues_fountains, minmay_misc_feat_room,
          uniq_menkaure, uniq_pikel, uniq_sigmund, uniq_edmund
D:7:      layout_gridville, lemuel_round_altar
D:8:      layout_loops_corners
Temple:   minmay_temple_bridge_d

Skill      XL: |  1  2  3  4  5  6  7  8  9 |
---------------+----------------------------+-----
Conjurations   | 2 3 4 7 11 14 | 14.1
Fire Magic     | 4 5 |  5.7
Spellcasting   | 4 5 6 |  6.3
Dodging        | |  2.4
Stealth        | |  2.4

Action                   |  1- 3 |  4- 6 |  7- 9 | 10-12 || total
-------------------------+-------+-------+-------+-------++-------
 Cast: Foxfire           |   138 |   122 |   142 |     3 ||   405
       Scorch            |       |    15 |    64 |     3 ||    82
       Conjure Flame     |       |       |     3 |     1 ||     4
       Orb of Destructio |       |       |     1 |       ||     1
Evoke: Wand              |       |       |     2 |       ||     2
  Use: Scroll            |       |       |    12 |       ||    12
       Potion            |       |       |     2 |       ||     2
Armor: Robe              |     6 |     3 |    23 |     1 ||    33
Dodge: Dodged            |    22 |    13 |    52 |    10 ||    97
